 Dungeon Crawl Stone Soup version 0.31-a0-1611-g890cdf5 (webtiles) character file.

Game seed: 663457004289874919

9842 PublicAnimeNo1 the Frost Mage (level 11, 0/79 HPs)
             Began as a Demonspawn Ice Elementalist on Jan 8, 2024.
             Was a Believer of Sif Muna.
             Slain by an unseen horror zombie (7 damage)
             ... on level 9 of the Dungeon.
             The game lasted 00:20:25 (8206 turns).

PublicAnimeNo1 the Frost Mage (DsIE)                Turns: 8206, Time: 00:20:26

Health: 0/79       AC:  4    Str: 10    XL:     11   Next: 28%
Magic:  25/27      EV: 14    Int: 24    God:    Sif Muna [**....]
Gold:   595        SH:  5    Dex: 20    Spells: 13/23 levels left

rFire   + + .        k - +6 Majin-Bo {spellvamp, MP+6 Int+6}
rCold   + . .        s - orb {*channel}
rNeg    + . .        u - +1 leather armour of Hoecenad {^Drain rPois rC+}
rPois   +            (helmet unavailable)
rElec   .            (no cloak)
rCorr   .            (no gloves)
SInv    .            (no boots)
Will    .....        I - amulet "Fapeuxzuudi" {Reflect rF+ rN+ Dex+4 SH+5}
Stlth   +++++        h - ring of protection from fire
HPRegen 0.33/turn    (no ring)
MPRegen 0.40/turn

%: reflection, channel magic (20%)
@: no status effects
A: horns 3, thin skeletal structure 1, spiny 3, magic regeneration
a: Renounce Religion, Channel Magic


You were on level 9 of the Dungeon.
You worshipped Sif Muna.
Sif Muna was pleased with you.
You visited 1 branch of the dungeon, and saw 9 of its levels.
You also visited: Sewer.

You collected 595 gold pieces.

Inventory:

Hand Weapons
 e - a +0 dagger
 f - a +1 heavy dagger
 k - the +6 Majin-Bo (weapon) {spellvamp, MP+6 Int+6}
   (You acquired it on level 4 of the Dungeon)

   Int+6:     It affects your intelligence (+6).
   MP+6:      It affects your magic capacity (+6).
 B - a +4 lajatang of flaming
 F - a +2 whip of electrocution
Missiles
 w - a throwing net
Armour
 q - a +2 robe of willpower
 s - an orb of energy (worn)
 u - the +1 leather armour of Hoecenad (worn) {^Drain rPois rC+}
   (You found it on level 8 of the Dungeon)

   rC+:       It protects you from cold.
   rPois:     It protects you from poison ^Drain: It drains your maximum health
   when unequipped.
Jewellery
 c - an amulet of the acrobat
 h - a ring of protection from fire (left hand)
 o - an amulet of guardian spirit
 E - an amulet of faith
 I - the amulet "Fapeuxzuudi" (around neck) {Reflect rF+ rN+ Dex+4 SH+5}
   (You found it on level 8 of the Dungeon)

   [amulet of reflection]

   Reflect:   It reflects blocked missile attacks.
   Dex+4:     It affects your dexterity (+4).
   rF+:       It protects you from fire.
   rN+:       It protects you from negative energy.
   SH+5:      It affects your SH (+5).
Wands
 l - a wand of flame (65)
 r - a wand of iceblast (6)
 x - a wand of charming (6)
 A - a wand of digging (5)
Scrolls
 d - 3 scrolls of teleportation
 g - a scroll of noise
 j - 2 scrolls of fog
 p - 2 scrolls of vulnerability
 v - a scroll of identify
 D - a scroll of enchant armour
 G - a scroll of immolation
Potions
 a - a potion of brilliance {unknown}
 b - a potion of magic
 i - a potion of lignification {unknown}
 m - a potion of attraction
 t - 2 potions of enlightenment
 C - 2 potions of cancellation
 H - 2 potions of heal wounds {unknown}


   Skills:
 - Level 5.0 Fighting
 - Level 4.0 Staves
 + Level 5.0 Dodging
 + Level 7.4 Stealth
 + Level 6.9 Spellcasting
 * Level 6.7 Summonings
 + Level 10.1 Ice Magic
 - Level 6.5 Invocations


You had 13 spell levels left.
You knew the following spells:

 Your Spells              Type           Power      Damage    Failure   Level
a - Freeze                Ice            100%       1d10      1%          1
b - Frozen Ramparts       Ice            100%       1d16      3%          3
c - Summon Ice Beast      Ice/Summ       48%        N/A       4%          3
d - Ozocubu's Armour      Ice            54%        N/A       3%          3

Your spell library contained the following spells:

 Spells                   Type           Power      Damage    Failure   Level
 Lesser Beckoning         Tloc           16%        N/A       34%         2
 Static Discharge         Conj/Air       16%        3-4/arc   34%         2
 Animate Armour           Summ/Erth      48%        N/A       45%         4
 Summon Blazeheart Golem  Fire/Summ      24%        N/A       45%         4
 Summon Lightning Spire   Summ/Air       24%        N/A       45%         4
 Gell's Gravitas          Tloc           8%         N/A       52%         3
 Inner Flame              Hex/Fire       8%         N/A       52%         3
 Stone Arrow              Conj/Erth      16%        3d8       52%         3
 Teleport Other           Tloc           8%         N/A       52%         3
 Summon Forest            Summ/Tloc      12%        N/A       77%         5
 Summon Mana Viper        Hex/Summ       24%        N/A       77%         5
 Summon Cactus Giant      Summ           20%        N/A       85%         6
 Airstrike                Air            4%         2d(1-17)  86%         4
 Flame Wave               Conj/Fire      8%         2d5       86%         4
 Sticky Flame             Fire/Alch      8%         2d4       86%         4
 Vhi's Electric Charge    Tloc/Air       16%        N/A       86%         4
 Arcjolt                  Conj/Air       4%         1d14      99%         5
 Lee's Rapid Deconstruct  Erth           4%         3d5*      99%         5
 Dispersal                Tloc           4%         N/A       100%        6
 Plasma Beam              Fire/Air       4%         2x1d14    100%        6
 Orb of Destruction       Conj           4%         9d5       100%        7
 Spellforged Servitor     Conj/Summ      12%        N/A       100%        7
 Lehudib's Crystal Spear  Conj/Erth      4%         10d3      100%        8


Dungeon Overview and Level Annotations

Branches:
Dungeon (9/15)             Temple (0/1) D:6            Lair (0/5) D:8
    Orc (0/2) D:9           Sewer (visited)

Altars:
Ashenzari
Gozag
Hepliaklqana
Sif Muna
Uskayaw
Vehumet
Xom

Annotations:
D:8 exclusion: two-headed ogre, Psyche


Innate Abilities, Weirdness & Mutations

You have a pair of large horns on your head.
You have a somewhat thin skeletal structure. (Dex +2, Stealth+)
You are completely covered in sharp spines.
You regenerate magic rapidly.


Message History

You hit the vampire. Your headbutt misses the vampire.
The vampire is almost destroyed.
The vampire is struck by your spines.
You destroy the vampire!
Sif Muna accepts your kill.
Casting: Summon Ice Beast (dangerous; 4% risk of failure)
Confirm with . or Enter, or press ? or * to list all spells.
A chill wind blows around you. The unseen horror zombie hits you.
* * * LOW HITPOINT WARNING * * *
The unseen horror zombie barely misses you.
You sock the unseen horror zombie! You headbutt the unseen horror zombie!
The unseen horror zombie is moderately damaged.
The unseen horror zombie is struck by your spines.
The unseen horror zombie hits you.
* * * LOW HITPOINT WARNING * * *
The unseen horror zombie hits you.
* * * LOW HITPOINT WARNING * * *
The unseen horror zombie is struck by your spines.
The unseen horror zombie misses you.
Your ice beast completely misses the unseen horror zombie.
You sock the unseen horror zombie! You headbutt the unseen horror zombie!
The unseen horror zombie is severely damaged.
The unseen horror zombie is struck by your spines.
The unseen horror zombie hits you.
* * * LOW HITPOINT WARNING * * *
The unseen horror zombie barely misses you.
The unseen horror zombie is struck by your spines.
You destroy the unseen horror zombie!
Sif Muna accepts your kill.
Your ice beast hits the unseen horror zombie.
Your ice beast freezes the unseen horror zombie.
The unseen horror zombie resists.
Your Dodging skill increases to level 5!
You hit the unseen horror zombie.
The unseen horror zombie is lightly damaged.
The unseen horror zombie hits you.
* * * LOW HITPOINT WARNING * * *
The unseen horror zombie is struck by your spines.
The unseen horror zombie hits you!
You die...

# ######## ..
.......############
#.#?### ###.)...........
#.....Y♣♣...############
♣Z@....# ♣Z♣.♣.♣♣# ..
♣♣♣♣.. ♣. ♣..# ♣ ♣♣#


You could see a centaur zombie, an unseen horror zombie (ally target) and a
friendly ice beast (summoned).

Vanquished Creatures
  Gastronok (D:8)
  Pikel (D:8)
  Jeremiah (D:8)
  2 unseen horror zombies (D:9)
  Grinder (D:6)
  Sigmund (D:2)
  A vampire (D:9)
  A wyvern (D:9)
  2 steam dragons (D:9)
  3 acid dragons
  Menkaure (D:6)
  2 water moccasins (D:7)
  An orc warrior (D:9)
  2 sky beasts
  4 black bears
  3 ice beasts
  A crocodile (Sewer)
  3 centaurs
  A phantom (D:5)
  3 lemures (D:8)
  2 ogres
  3 bullfrogs
  2 gnoll sergeants (D:9)
  6 scorpions
  5 wights
  3 howler monkeys
  2 bombardier beetles
  A centaur zombie (D:9)
  A gnoll bouda (D:7)
  4 orc priests
  2 hounds (D:5)
  2 jellies (D:6)
  Jessica (D:2)
  3 iguanas
  A sleepcap (D:5)
  Ijyb (D:4)
  8 orc wizards
  2 howler monkey zombies (D:9)
  13 adders
  13 gnolls
  A river rat (D:5)
  A shadow imp (D:7)
  4 white imps
  2 ufetubi (D:6)
  6 dart slugs
  4 ribbon worms
  23 orcs
  12 bats
  4 endoplasms
  4 giant cockroaches
  14 goblins
  7 hobgoblins
  3 jackals (Sewer)
  11 kobolds
  5 quokkas
  4 ball pythons
  2 frilled lizards (D:1)
  6 rats
223 creatures vanquished.

Vanquished Creatures (collateral kills)
  A water moccasin (D:6)
  2 wights (D:8)
  A howler monkey zombie (D:9)
  An orc (D:6)
5 creatures vanquished.

Vanquished Creatures (others)
  A scorpion (D:6)
  A gnoll bouda (D:6)
  A hound (D:6)
  An orc (D:6)
4 creatures vanquished.

Grand Total: 232 creatures vanquished

Notes
Turn   | Place    | Note
-------+----------+-------------------------------------------
     0 | D:1      | PublicAnimeNo1 the Demonspawn Ice Elementalist began the
                  | quest for the Orb.
     0 | D:1      | Reached XP level 1. HP: 13/13 MP: 3/3
   313 | D:1      | Gained mutation: You regenerate magic rapidly. [demonic
                  | ancestry]
   313 | D:1      | Reached XP level 2. HP: 18/20 MP: 0/5
   480 | D:1      | Reached skill level 1 in Fighting
   826 | D:1      | Gained mutation: You are partially covered in sharp spines.
                  | [demonic ancestry]
   826 | D:1      | Reached XP level 3. HP: 24/26 MP: 6/6
  1144 | D:1      | Reached skill level 4 in Ice Magic
  1417 | D:2      | Found a broken altar of Ashenzari.
  1417 | D:2      | Noticed Sigmund
  1444 | D:2      | Killed Sigmund
  1445 | D:2      | Gained mutation: You have a somewhat thin skeletal
                  | structure. (Dex +2, Stealth+) [demonic ancestry]
  1445 | D:2      | Reached XP level 4. HP: 14/35 MP: 1/7
  1445 | D:2      | Gained mutation: You have a pair of small horns on your
                  | head. [demonic ancestry]
  1445 | D:2      | Reached XP level 5. HP: 17/41 MP: 1/8
  1907 | D:2      | Noticed Jessica
  1909 | D:2      | Killed Jessica
  1910 | D:2      | Gained mutation: You have a pair of horns on your head.
                  | [demonic ancestry]
  1910 | D:2      | Reached XP level 6. HP: 47/47 MP: 9/9
  2900 | D:4      | Noticed Ijyb
  2908 | D:4      | Learned a level 3 spell: Frozen Ramparts
  2912 | D:4      | Learned a level 3 spell: Summon Ice Beast
  2914 | D:4      | Killed Ijyb
  3659 | D:4      | Identified a scroll of acquirement
  3659 | D:4      | Acquired the +6 Majin-Bo {spellvamp, MP+6 Int+6}
  3659 | D:4      | Found the +6 Majin-Bo {spellvamp, MP+6 Int+6}
  3724 | D:5      | Entered Level 5 of the Dungeon
  3731 | D:5      | Reached skill level 5 in Ice Magic
  3756 | D:5      | Gained mutation: You are mostly covered in sharp spines.
                  | [demonic ancestry]
  3756 | D:5      | Reached XP level 7. HP: 49/54 MP: 10/10
  3768 | D:5      | Reached skill level 5 in Stealth
  3775 | D:5      | Reached skill level 5 in Fighting
  3781 | D:5      | Reached skill level 6 in Ice Magic
  3781 | D:5      | Reached XP level 8. HP: 52/62 MP: 10/11
  3835 | D:5      | Found a glowing drain.
  3846 | Sewer    | Entered a sewer
  4597 | D:6      | Found a shimmering altar of Xom.
  4601 | D:6      | Noticed Grinder
  4614 | D:6      | Reached skill level 1 in Staves
  4616 | D:6      | Killed Grinder
  4753 | D:6      | Found a hide-covered altar of Uskayaw.
  4827 | D:6      | Noticed Menkaure
  4831 | D:6      | Killed Menkaure
  4832 | D:6      | Gained mutation: You are completely covered in sharp
                  | spines. [demonic ancestry]
  4832 | D:6      | Reached XP level 9. HP: 55/68 MP: 14/14
  4883 | D:6      | Found a shimmering blue altar of Sif Muna.
  4886 | D:6      | Became a worshipper of Sif Muna the Loreminder
  4927 | D:6      | Found a staircase to the Ecumenical Temple.
  5113 | D:6      | Reached skill level 5 in Summonings
  5113 | D:6      | Reached skill level 9 in Ice Magic
  5113 | D:6      | Gained mutation: You have a pair of large horns on your
                  | head. [demonic ancestry]
  5113 | D:6      | Reached XP level 10. HP: 74/74 MP: 19/19
  5838 | D:7      | Acquired a book of the Wilderness
  6294 | D:8      | Noticed Pikel
  6304 | D:8      | Killed Pikel
  6382 | D:8      | Found a staircase to the Lair.
  6419 | D:8      | Noticed Psyche
  6738 | D:8      | Noticed Gastronok
  6755 | D:8      | Killed Gastronok
  6758 | D:8      | Identified the amulet "Fapeuxzuudi" {Reflect rF+ rN+ Dex+4
                  | SH+5}
  6824 | D:8      | Noticed Jeremiah
  6832 | D:8      | Killed Jeremiah
  6833 | D:8      | Reached skill level 10 in Ice Magic
  6836 | D:8      | Found an opulent altar of Gozag.
  7028 | D:8      | Noticed a two-headed ogre
  7034 | D:8      | Learned a level 3 spell: Ozocubu's Armour
  7072 | D:8      | Reached * piety under Sif Muna
  7073 | D:8      | Reached XP level 11. HP: 71/78 MP: 20/20
  7237 | D:8      | Found the +11 Singing Sword {sonic wave}
  7256 | D:8      | Identified the +1 leather armour of Hoecenad {^Drain rPois
                  | rC+}
  7605 | D:9      | Found a hazy altar of Hepliaklqana.
  7845 | D:9      | Found a staircase to the Orcish Mines.
  7986 | D:9      | Reached ** piety under Sif Muna
  8116 | D:9      | Found a radiant altar of Vehumet.
  8206 | D:9      | Reached skill level 5 in Dodging
  8206 | D:9      | Slain by an unseen horror zombie

Illustrated notes

Levels and vault maps discovered:
D:1:      arrival_zaba_pyramid, layout_loops_corners, minivault_27
D:2:      layout_loops_cross, basic_altar, minmay_3d_cube, uniq_sigmund,
          uniq_jessica
D:3:      layout_loops_ring, minmay_goblin_kobold_house
D:4:      layout_loops_corners, uniq_ijyb
D:5:      layout_rooms, cheibrodos_sewer_entry_sluice, minmay_liquid_box
D:6:      wander_river, layout_cave_pools, lemuel_blue_sif_altar,
          mainiacjoe_overflow_paths, xom_confusion_cloud, temple_hall,
          uniq_grinder, uniq_menkaure
D:7:      layout_loops_ring, mainiacjoe_overflow_six_doors_small
D:8:      old_forge, layout_loops_ring, kennysheep_mini, dpeg_oklobed_lair,
          uniq_psyche, uniq_jeremiah, uniq_pikel, uniq_gastronok
D:9:      layout_roguey, marbit_many_paths, nzn_wu_jian_council_hall,
          nicolae_yredelemnul_corpse_copse, amcnicky_altar_gilded,
          kennysheep_cross_room, grunt_decor_fettered

Skill      XL: |  1  2  3  4  5  6  7  8  9 10 11 |
---------------+----------------------------------+-----
Stealth        | 2 3 4 5 6 7 |  7.4
Fighting       | 1 3 4 5 |  5.0
Ice Magic      | 4 5 6 9 10 | 10.1
Dodging        | 2 3 4 5 |  5.0
Staves         | 2 3 4 |  4.0
Spellcasting   | 3 6 |  6.9
Summonings     | 5 6 |  6.7
Invocations    | 6 |  6.5

Action                     |  1- 3 |  4- 6 |  7- 9 | 10-12 || total
---------------------------+-------+-------+-------+-------++-------
  Melee: Unarmed           |     3 |       |       |       ||     3
         Dagger            |    15 |    29 |       |       ||    44
         Bo                |       |     8 |    64 |   120 ||   192
         Headbutt          |       |     3 |    18 |    27 ||    48
         Punch             |       |     2 |     1 |       ||     3
   Cast: Freeze            |    42 |    39 |     6 |       ||    87
         Frozen Ramparts   |       |     1 |     6 |    17 ||    24
         Summon Ice Beast  |       |       |     2 |     8 ||    10
         Ozocubu's Armour  |       |       |       |     1 ||     1
    Use: Potion            |     1 |       |     1 |     1 ||     3
         Scroll            |       |    11 |     3 |     6 ||    20
   Stab: Sleeping          |     5 |    17 |     5 |     7 ||    34
         Distracted        |       |       |       |     1 ||     1
 Armour: Robe              |    17 |    18 |    37 |    51 ||   123
         Leather armour    |       |       |       |    48 ||    48
  Dodge: Dodged            |    24 |    32 |    37 |    92 ||   185

Table legend: (Time is in decaauts)
 A = Elapsed time spent in this place.
 B = Non-inter-level travel time spent in this place.
 C = Inter-level travel time spent in this place.
 D = Time resting spent in this place.
 E = Time spent auto-exploring this place.
 F = Levels seen in this place.
 G = Mean time per level.
                   A        B        C        D        E       F      G
               +--------+--------+--------+--------+--------+-----+--------+
         Total |   8234 |   7976 |    258 |    992 |   5474 |  10 |  823.4 |
       Dungeon |   8089 |   7831 |    258 |    992 |   5457 |   9 |  898.8 |
         Sewer |    145 |    145 |      0 |      0 |     17 |   1 |  145.0 |
               +--------+--------+--------+--------+--------+-----+--------+

Top non-repeatable levels by time:
     D:8: 1533 daAuts
     D:1: 1330 daAuts
     D:6: 926 daAuts
     D:7: 909 daAuts
     D:4: 889 daAuts
     D:2: 866 daAuts
     D:3: 635 daAuts
     D:9: 610 daAuts
     D:5: 388 daAuts
   Sewer: 145 daAuts
